 Dungeon Crawl Stone Soup version bcrawl-1.21.3 (webtiles) character file.

Game seed: 899835244460381848

4306 funkygono the Blocker (level 10, 0/86 HPs)
             Began as a Hill Orc Fighter on Apr 8, 2020.
             Was a High Priest of the Shining One.
             Slain by a death yak (15 damage)
             ... on level 8 of the Dungeon.
             The game lasted 00:18:26 (6880 turns).

funkygono the Blocker (Hill Orc Fighter)            Turns: 6880, Time: 00:18:27

Health: 0/86       AC:  7    Str: 27    XL:     10   Next: 32%
Magic:  10/10      EV: 12    Int:  8    God:    the Shining One [*****.]
Gold:   337        SH: 13    Dex: 10    Spells: 9/9 levels left

rFire    + . .     SeeInvis .   i - +3 whip (flame)
rCold    . . .     Gourm    .   c - +1 medium shield
rNeg     + + .     Faith    .   y - +3 chain mail "Lunlam" {rPois Str+4 Stlth-}
rPois    +         Spirit   .   (no helmet)
rElec    .         Reflect  .   w - +1 cloak
rCorr    .         Harm     .   A - +1 pair of gloves
MR       .....                  (no boots)
Stlth    ..........             F - amulet of regeneration
HPRegen  0.64/turn              g - +3 ring of evasion
MPRegen  0.12/turn              E - ring of protection from fire

@: corroded, glowing
A: no striking features
a: Divine Shield, Cleansing Flame, Summon Divine Warrior, Renounce Religion


You were on level 8 of the Dungeon.
You worshipped the Shining One.
The Shining One was extremely pleased with you.
You were not hungry.

You visited 2 branches of the dungeon, and saw 9 of its levels.
You also visited: Ossuary.

You collected 337 gold pieces.

Inventory:

Hand Weapons
 a - a +0 flail
 i - a +3 whip of flaming (weapon)
Missiles
 s - 240 bolts
Armour
 c - a +1 medium shield (worn)
 w - a +1 cloak (worn)
 y - the +3 chain mail "Lunlam" (worn) {rPois Str+4 Stlth-}
   (You found it on level 4 of the Dungeon)

   It affects your strength (+4).
   It protects you from poison.
   It makes you less stealthy.
 A - a +1 pair of gloves (worn)
 B - the +0 robe of Gallantry {rElec rPois Int-5 Dex+3, unknown}
   (You found it on level 6 of the Dungeon)

   It affects your intelligence (-5).
   It affects your dexterity (+3).
   It insulates you from electricity.
   It protects you from poison.
Magical Staves
 j - an uncursed staff of fire
Jewellery
 g - a +3 ring of evasion (left hand)
 p - an uncursed ring of stealth
 q - an uncursed amulet of the acrobat
 z - the amulet of the Air {Inacc +Fly rElec EV+5 RMsl}
   (You found it on level 5 of the Dungeon)

   [amulet of inaccuracy]

   It reduces the accuracy of all your attacks.
   It affects your evasion (+5).
   It insulates you from electricity.
   It lets you fly.
   It protects you from missiles.
 E - a ring of protection from fire (right hand)
 F - an amulet of regeneration (around neck)
Wands
 K - a wand of flame (21)
Scrolls
 b - 6 scrolls of remove curse
 f - 2 scrolls of blinking
 n - 10 scrolls of teleportation
 x - 4 scrolls of fear
Potions
 h - 2 potions of lignification
 k - 10 potions of curing
 l - a potion of berserk rage {unknown}
 m - 2 potions of haste
 o - 6 potions of agility
 r - a potion of mutation {unknown}
 t - 2 potions of brilliance
 u - 2 potions of flight
 v - 2 potions of degeneration
 D - 3 potions of magic
 G - a potion of cancellation {unknown}
 I - a potion of ambrosia {unknown}
Comestibles
 e - 12 rations {!d}


   Skills:
 + Level 7.5 Fighting
   Level 7.5 Short Blades
   Level 7.5 Long Blades
   Level 7.5 Axes
   Level 7.5 Maces & Flails
   Level 7.5 Polearms
   Level 7.5 Staves
 + Level 9.0 Armour
 + Level 3.1 Dodging
 + Level 2.2 Stealth
 + Level 10.3 Shields
   Level 7.5 Unarmed Combat


You had 9 spell levels left.
You didn't know any spells.
Your spell library contained the following spells:

 Spells                   Type           Power        Failure   Level  Hunger
 Animate Skeleton         Necr           N/A          98%         1    ##.....
 Pain                     Necr           #.....       98%         1    ##.....
 Regeneration             Chrm/Necr      #.........   100%        3    ####...
 Vampiric Draining        Necr           #.........   100%        3    ####...
 Animate Dead             Necr           N/A          100%        4    #####..
 Bolt of Draining         Conj/Necr      #.........   100%        5    ######.


Dungeon Overview and Level Annotations

Branches:
Dungeon (8/12)             Temple (1/1) D:4            Lair (0/6) D:8
    Orc: D:8-11

Altars:
Ashenzari
Cheibriados
Dithmenos
Elyvilon
Fedhas
Gozag
Kikubaaqudgha
Lugonu
Makhleb
Nemelex Xobeh
Okawaru
Qazlal
Ru
Sif Muna
Trog
Uskayaw
Vehumet
Wu Jian
Xom
Yredelemnul
The Shining One

Shops:
D:5 (


Message History

The howler monkey hits you but does no damage.
You hit the howler monkey but do no damage.
The howler monkey is moderately wounded.
The howler monkey barely misses you. The death yak gores you!!
* * * LOW HITPOINT WARNING * * *
You hit the howler monkey. You burn the howler monkey.
The howler monkey is heavily wounded.
The howler monkey hits you but does no damage.
The death yak gores you.
* * * LOW HITPOINT WARNING * * *
You whack the howler monkey! You burn the howler monkey.
You kill the howler monkey!
A quokka comes into view.
Things that are here:
a dagger; a howler monkey corpse You hit the centaur warrior skeleton.
You burn the centaur warrior skeleton.
The centaur warrior skeleton is lightly damaged.
You block the centaur warrior skeleton's attack.
The death yak gores you!
You die...

#.. ....
###..#### .....
........##......
###..#..<#.....>
#......JO....#
#...#.r.##.....
##. ##Y## ....
#Y###r.#..
#.@Z..?# .
#####..... .##


You could see 2 death yaks, a porcupine, a jelly, a quokka and a centaur warrior
skeleton.

Vanquished Creatures
  A wyvern (D:6)
  2 hungry ghosts
  Menkaure (D:4)
  A hornet zombie (Ossuary)
  An orc warrior (D:7)
  2 sky beasts
  An ice beast (D:5)
  A black bear (D:6)
  A necrophage (D:7)
  3 ogres
  2 phantoms
  6 centaurs
  2 bullfrogs
  4 wyvern zombies
  3 scorpions
  3 killer bees (D:7)
  A howler monkey (D:8)
  3 bullfrog zombies
  5 crimson imps
  4 centaur zombies (Ossuary)
  3 lava snakes (D:7)
  A hound (D:2)
  2 orc priests (D:3)
  Crazy Yiuf (D:3)
  A bullfrog skeleton (D:6)
  A jelly (D:6)
  2 orc wizards
  4 iguanas
  3 worker ants
  3 killer bee zombies (Ossuary)
  3 hound zombies (Ossuary)
  15 mummies
  2 worker ant zombies (Ossuary)
  A gnoll (D:3)
  11 adders
  2 shadow imps
  2 oozes
  6 adder zombies
  4 adder skeletons
  5 worms
  A dart slug (D:3)
  6 leopard geckos
  12 orcs
  3 giant cockroaches
  9 goblins
  14 hobgoblins
  A jackal (D:3)
  12 kobolds
  4 quokkas
  3 ball pythons
  4 bats
  4 frilled lizards
  2 jackal zombies (Ossuary)
  A quokka zombie (Ossuary)
  5 rats
  A fungus (D:3)
201 creatures vanquished.

Vanquished Creatures (others)
  A rat (D:2)
  A withered plant (Ossuary)
2 creatures vanquished.

Grand Total: 203 creatures vanquished

Notes
Turn   | Place    | Note
-------+----------+-------------------------------------------
     0 | D:1      | funkygono the Hill Orc Fighter began the quest for the Orb.
     0 | D:1      | Reached XP level 1. HP: 20/20 MP: 1/1
   129 | D:1      | Reached XP level 2. HP: 19/27 MP: 2/2
   522 | D:1      | Reached XP level 3. HP: 34/34 MP: 3/3
  1238 | D:2      | Reached skill level 4 in Shields
  1238 | D:2      | Reached XP level 4. HP: 40/41 MP: 4/4
  1328 | D:2      | Found a shattered altar of Ashenzari.
  1650 | D:2      | Found a sacrificial altar of Ru.
  1692 | D:2      | Found a glowing golden altar of the Shining One.
  1694 | D:2      | Noticed an angel
  1702 | D:2      | Became a worshipper of the Shining One
  1712 | D:2      | Found a basalt altar of Yredelemnul.
  1714 | D:2      | Noticed a profane servitor
  1878 | D:3      | Reached XP level 5. HP: 41/47 MP: 5/5
  2260 | D:3      | Reached XP level 6. HP: 42/55 MP: 6/6
  2377 | D:3      | Reached * piety under the Shining One
  2377 | D:3      | Reached skill level 5 in Fighting
  2377 | D:3      | Reached skill level 1 in Dodging
  2377 | D:3      | Reached skill level 5 in Shields
  2540 | D:3      | Found an ornate altar of the Wu Jian Council.
  2899 | D:3      | Found a runed door.
  2903 | D:3      | Noticed Crazy Yiuf
  2913 | D:3      | Killed Crazy Yiuf
  3284 | D:4      | Found a staircase to the Ecumenical Temple.
  3290 | Temple   | Entered the Ecumenical Temple
  3300 | D:4      | Reached skill level 5 in Armour
  3303 | D:4      | Noticed Menkaure
  3312 | D:4      | Killed Menkaure
  3312 | D:4      | Reached XP level 7. HP: 38/61 MP: 7/7
  3579 | D:4      | Got a distressingly furry chain mail
  3706 | D:4      | Reached skill level 1 in Stealth
  4025 | D:5      | Entered Level 5 of the Dungeon
  4061 | D:5      | Found the amulet of the Air {Inacc +Fly rElec EV+5 RMsl}
  4137 | D:5      | Reached skill level 6 in Shields
  4147 | D:5      | Found a burning altar of Makhleb.
  4187 | D:5      | Reached XP level 8. HP: 64/69 MP: 8/8
  4247 | D:5      | Identified the +3 chain mail "Lunlam" {rPois Str+4 Stlth-}
                  | (You found it on level 4 of the Dungeon)
  4341 | D:5      | Found Dighos's Antique Weapon Emporium.
  4618 | D:5      | Found a sparkling altar of Nemelex Xobeh.
  4619 | D:5      | Found an opulent altar of Gozag.
  4932 | D:6      | Noticed a wyvern
  4943 | D:6      | Killed a wyvern
  4943 | D:6      | Reached skill level 7 in Shields
  5065 | D:6      | Reached ** piety under the Shining One
  5172 | D:6      | Reached XP level 9. HP: 66/75 MP: 9/9
  5279 | D:6      | Found a white marble altar of Elyvilon.
  5462 | D:6      | Found a sand-covered staircase.
  5471 | Ossuary  | Entered an ossuary
  5566 | Ossuary  | Reached *** piety under the Shining One
  5572 | Ossuary  | Reached skill level 8 in Shields
  5686 | Ossuary  | Reached **** piety under the Shining One
  5957 | D:6      | Reached skill level 9 in Shields
  5999 | D:6      | Got a colourful robe
  6194 | D:7      | Reached ***** piety under the Shining One
  6277 | D:7      | Reached XP level 10. HP: 86/86 MP: 10/10
  6408 | D:7      | Reached skill level 10 in Shields
  6854 | D:8      | Noticed a death yak
  6855 | D:8      | Found a staircase to the Lair.
  6855 | D:8      | Noticed a death yak
  6865 | D:8      | Noticed a death yak
  6872 | D:8      | Noticed a two-headed ogre
  6880 | D:8      | Slain by a death yak

Skill      XL: |  1  2  3  4  5  6  7  8  9 10 |
---------------+-------------------------------+-----
Shields        | 4 5 6 7 9 10 | 10.3
Armour         | 4 5 6 7 8 9 |  9.0
Fighting       | 5 6 7 |  7.5
Dodging        | 1 2 3 |  3.1
Stealth        | 1 2 |  2.2
Short Blades   | |  7.5
Long Blades    | |  7.5
Axes           | |  7.5
Maces & Flails | |  7.5
Polearms       | |  7.5
Staves         | |  7.5
Unarmed Combat | |  7.5

Action                   |  1- 3 |  4- 6 |  7- 9 | 10-12 || total
-------------------------+-------+-------+-------+-------++-------
Melee: Flail             |    92 |       |       |       ||    92
       Whip              |    17 |   186 |   404 |    98 ||   705
  Use: Scroll            |     4 |     2 |    10 |     3 ||    19
  Eat: Chunk             |     1 |     5 |     5 |     1 ||    12
       Ration            |       |     1 |     2 |     1 ||     4
Armor: Scale mail        |    40 |    28 |     6 |       ||    74
       Chain mail        |       |       |    71 |    27 ||    98
Dodge: Dodged            |    32 |    47 |    92 |    20 ||   191
Block: Medium shield     |    54 |    58 |   194 |    39 ||   345
